cohdb
Replays
Latest Replays
All Replays
Popular Replays
Top Player Replays
Match Explorer
How It Works
Community
CoH3 Stats
Reddit
Sign in to upload your games and track your stats! →
Sign in with Steam
Match 46679477
Unlisted
Match 46679477
Overview
Messages
Build Orders
End
Engineer Squad
Construct Barracks
Riflemen Squad
1⁄4-ton 4x4 Truck
Riflemen Squad
Grenade Package
Riflemen Squad
Infantry Support Center
Construct Tank Depot
Selects Special Operations Battlegroup
Selects M29 Weasel Recon Vehicle
Riflemen Squad
Selects P-47 Anti-Infantry Loiter
M4A1 Sherman Medium Tank
Construct Medical Station
Selects Raiding Flares
M4A1 Sherman Medium Tank
M1918 Browning Automatic Rifles
Engineer Squad
Munitions Surplus
Selects SSF Commando Squad
Selects Assault Operation
M18 Hellcat Tank Destroyer
M18 Hellcat Tank Destroyer
Selects UNKNOWN (2162291)
Arwootarch
BazookaJoe
Demi
aSIIDemolitionHammer
0
0
Comments
sign in to comment!
No comments posted yet!